DBL
MILWAUKEE CREAMS @ MINNESOTA TWINS
07/07/1997
 
TOP OF THE 1ST
Milwaukee Creams batting - Pitching for Minnesota Twins : LHP Darren Oliver
Pitching: LHP Darren Oliver
Batting: RHB Mark Loretta 0-0: Called Strike
0-1: Ball
1-1: Ball
2-1: Foul Ball, location: 2F
2-2: Fly out, F7 (Line Drive, 7, EV 96.9 MPH)
Batting: SHB Chipper Jones 0-0: Ball
1-0: Foul Ball, location: 2F
1-1: Fly out, F4 (Line Drive, 4, EV 71.3 MPH)
Batting: SHB Ken Caminiti 0-0: Ball
1-0: Called Strike
1-1: Swinging Strike
1-2: Ball
2-2: Ground out 5-3 (Groundball, 5S, EV 68.8 MPH)
Top of the 1st over - 0 runs, 0 hits, 0 errors, 0 left on base; Milwaukee 0 - Minnesota 0
BOTTOM OF THE 1ST
Minnesota Twins batting - Pitching for Milwaukee Creams : RHP Mark Portugal
Pitching: RHP Mark Portugal
Batting: LHB Darin Erstad 0-0: Ball
1-0: Bunted foul
1-1: Foul Ball, location: 2F
1-2: Strikes out looking
Batting: LHB Kal Daniels 0-0: Ball
1-0: Ball
2-0: Called Strike
2-1: Ground out 4-3 (Groundball, 4S, EV 80.0 MPH)
Batting: RHB Frank Thomas 0-0: Ball
1-0: Ball
2-0: SINGLE (Groundball, 4D, EV 101.3 MPH)
Batting: LHB Larry Walker 0-0: Called Strike
0-1: Ball
1-1: Ball
2-1: Ball
3-1: Foul Ball, location: 2F
3-2: Ground out 1-3 (Groundball, 34S, EV 65.0 MPH)
Bottom of the 1st over - 0 runs, 1 hit, 0 errors, 1 left on base; Milwaukee 0 - Minnesota 0
TOP OF THE 2ND
Milwaukee Creams batting - Pitching for Minnesota Twins : LHP Darren Oliver
Batting: LHB Carlos Delgado 0-0: Ball
1-0: SOLO HOME RUN (Flyball, 9D, EV 101.9 MPH), Distance : 370 ft
Batting: LHB John Elway 0-0: Swinging Strike
0-1: Ball
1-1: Ball
2-1: Ball
3-1: Base on Balls
Batting: LHB Steve Finley 0-0: DOUBLE (Flyball, 8LXD, EV 96.3 MPH)
John Elway to third
Batting: RHB Brad Ausmus 0-0: Called Strike
0-1: Ball
1-1: Ground out 5-3 (Groundball, 5, EV 78.8 MPH)
Batting: RHB Rey Sanchez 0-0: Ball
1-0: Fly out, F7 (Line Drive, 7, EV 91.3 MPH)
Runner from 3rd tags up, SCORES, throw by LF
Batting: LHB Tom Goodwin 0-0: Called Strike
0-1: Foul Ball, location: 2F
0-2: Ball
1-2: Ball
2-2: Ball
3-2: SINGLE (Groundball, 4D, EV 95.6 MPH)
Steve Finley to third
Steve Finley scores
Batting: RHB Mark Loretta 0-0: Swinging Strike
0-1: Ball
1-1: Ball
2-1: Called Strike
Tom Goodwin steals 2nd base
2-2: SINGLE (Groundball, 6MD, EV 110.0 MPH)
Tom Goodwin to third
Runner from 3rd tries for Home, SAFE, throw by CF to home
Batting: SHB Chipper Jones 0-0: Called Strike
0-1: Ball
1-1: Fly out, F8 (Flyball, 8RXD, EV 100.0 MPH)
Top of the 2nd over - 4 runs, 4 hits, 0 errors, 1 left on base; Milwaukee 4 - Minnesota 0
BOTTOM OF THE 2ND
Minnesota Twins batting - Pitching for Milwaukee Creams : RHP Mark Portugal
Batting: RHB Koji Akiyama 0-0: Ball
1-0: SINGLE (Line Drive, 8RS, EV 99.4 MPH)
Batting: RHB Brook Fordyce 0-0: Ball
1-0: Called Strike
1-1: Ball
2-1: Grounds into double play, 4-6-3 (Groundball, 4M, EV 107.5 MPH)
Batting: SHB Brent Gates 0-0: Ground out 3-1 (Groundball, 34, EV 93.1 MPH)
Bottom of the 2nd over - 0 runs, 1 hit, 0 errors, 0 left on base; Milwaukee 4 - Minnesota 0
TOP OF THE 3RD
Milwaukee Creams batting - Pitching for Minnesota Twins : LHP Darren Oliver
Batting: SHB Ken Caminiti 0-0: Ball
1-0: Foul Ball, location: 2F
1-1: Foul Ball, location: 2F
1-2: Foul Ball, location: 2F
1-2: Ball
2-2: Ball
3-2: Ground out U3 (Groundball, 3, EV 86.3 MPH)
Batting: LHB Carlos Delgado 0-0: Called Strike
0-1: Called Strike
0-2: Foul Ball, location: 2F
0-2: Strikes out swinging
Batting: LHB John Elway 0-0: Ball
1-0: Ball
2-0: Ball
3-0: Base on Balls
Batting: LHB Steve Finley 0-0: Called Strike
John Elway steals 2nd base
0-1: Ball
1-1: 2-RUN HOME RUN (Flyball, 9D, EV 91.9 MPH), Distance : 369 ft
Pitching: RHP Jerry Spradlin
Batting: RHB Brad Ausmus 0-0: Called Strike
0-1: Ball
1-1: Called Strike
1-2: Ball
2-2: Strikes out swinging
Top of the 3rd over - 2 runs, 1 hit, 0 errors, 0 left on base; Milwaukee 6 - Minnesota 0
BOTTOM OF THE 3RD
Minnesota Twins batting - Pitching for Milwaukee Creams : RHP Mark Portugal
Batting: RHB Mark Grudzielanek 0-0: Ground out 5-3 (Groundball, 56S, EV 89.4 MPH)
Batting: RHB Rey Ordonez 0-0: Ground out 5-3 (Groundball, 56S, EV 83.1 MPH)
Batting: LHB Darin Erstad 0-0: Ball
1-0: Called Strike
1-1: Called Strike
1-2: Ball
2-2: Ground out U3 (Groundball, 3, EV 83.8 MPH)
Bottom of the 3rd over - 0 runs, 0 hits, 0 errors, 0 left on base; Milwaukee 6 - Minnesota 0
TOP OF THE 4TH
Milwaukee Creams batting - Pitching for Minnesota Twins : RHP Jerry Spradlin
Batting: RHB Rey Sanchez 0-0: Reached on error, E4 (Groundball, 4, EV 86.9 MPH)
Batting: LHB Tom Goodwin 0-0: Called Strike
0-1: Fly out, F3 (Popup, 3D, EV 57.5 MPH)
Batting: RHB Mark Loretta 0-0: Called Strike
0-1: Foul Ball, location: 2F
0-2: Ground out 6-3 (Groundball, 6, EV 90.0 MPH)
Batting: SHB Chipper Jones 0-0: Ball
1-0: Ground out 4-3 (Groundball, 4, EV 86.9 MPH)
Top of the 4th over - 0 runs, 0 hits, 1 error, 1 left on base; Milwaukee 6 - Minnesota 0
BOTTOM OF THE 4TH
Minnesota Twins batting - Pitching for Milwaukee Creams : RHP Mark Portugal
Batting: LHB Kal Daniels 0-0: Called Strike
0-1: Ball
1-1: Swinging Strike
1-2: Ball
2-2: Ball
3-2: Foul Ball, location: 2F
3-2: Fly out, F8 (Line Drive, 8RD, EV 94.4 MPH)
Batting: RHB Frank Thomas 0-0: SINGLE (Groundball, 6MD, EV 94.4 MPH)
Batting: LHB Larry Walker 0-0: Foul Ball, location: 2F
0-1: Fly out, F8 (Flyball, 8LM, EV 89.4 MPH)
Batting: RHB Koji Akiyama 0-0: Called Strike
0-1: Fielders Choice at 2nd, 6-4 (Groundball, 6, EV 88.8 MPH)
Bottom of the 4th over - 0 runs, 1 hit, 0 errors, 1 left on base; Milwaukee 6 - Minnesota 0
TOP OF THE 5TH
Milwaukee Creams batting - Pitching for Minnesota Twins : RHP Jerry Spradlin
Batting: SHB Ken Caminiti 0-0: Ball
1-0: Called Strike
1-1: Ball
2-1: Called Strike
2-2: Ball
3-2: Fly out, F8 (Line Drive, 8LM, EV 87.5 MPH)
Batting: LHB Carlos Delgado 0-0: Ball
1-0: Called Strike
1-1: Ball
2-1: Foul Ball, location: 2F
2-2: Fly out, F7 (Flyball, 7D, EV 95.6 MPH)
Batting: LHB John Elway 0-0: Ball
1-0: Fly out, F2 (Popup, 25F, EV 83.8 MPH)
Top of the 5th over - 0 runs, 0 hits, 0 errors, 0 left on base; Milwaukee 6 - Minnesota 0
BOTTOM OF THE 5TH
Minnesota Twins batting - Pitching for Milwaukee Creams : RHP Mark Portugal
Batting: RHB Brook Fordyce 0-0: Called Strike
0-1: Ball
1-1: Foul Ball, location: 2F
1-2: Foul Ball, location: 2F
1-2: Foul Ball, location: 2F
1-2: Ground out 5-3 (Groundball, 56, EV 78.1 MPH)
Batting: SHB Brent Gates 0-0: Called Strike
0-1: Foul Ball, location: 2F
0-2: Ball
1-2: Strikes out swinging
Batting: RHB Mark Grudzielanek 0-0: Ball
1-0: Foul Ball, location: 2F
1-1: Swinging Strike
1-2: Strikes out swinging
Bottom of the 5th over - 0 runs, 0 hits, 0 errors, 0 left on base; Milwaukee 6 - Minnesota 0
TOP OF THE 6TH
Milwaukee Creams batting - Pitching for Minnesota Twins : RHP Jerry Spradlin
Batting: LHB Steve Finley 0-0: Ball
1-0: Called Strike
1-1: Ground out 4-3 (Groundball, 4, EV 93.1 MPH)
Batting: RHB Brad Ausmus 0-0: Swinging Strike
0-1: Ball
1-1: Called Strike
1-2: Fly out, F9 (Flyball, 9, EV 86.9 MPH)
Batting: RHB Rey Sanchez 0-0: Ball
1-0: Called Strike
1-1: Ground out 6-3 (Groundball, 6, EV 86.9 MPH)
Top of the 6th over - 0 runs, 0 hits, 0 errors, 0 left on base; Milwaukee 6 - Minnesota 0
BOTTOM OF THE 6TH
Minnesota Twins batting - Pitching for Milwaukee Creams : RHP Mark Portugal
Batting: RHB Rey Ordonez 0-0: SINGLE (Line Drive, 9S, EV 92.5 MPH)
Batting: LHB Darin Erstad 0-0: Called Strike
0-1: Fly out, F8 (Flyball, 8LS, EV 95.6 MPH)
Batting: LHB Kal Daniels 0-0: Ball
1-0: Foul Ball, location: 2F
1-1: Swinging Strike
1-2: SINGLE (Groundball, 4MD, EV 96.3 MPH)
Rey Ordonez to second
Runner from 2nd tries for 3rd, SAFE, throw by CF made to third
Batting: RHB Frank Thomas 0-0: Ball
1-0: Foul Ball, location: 2F
1-1: Hit by Pitch
Kal Daniels to second
Batting: LHB Larry Walker 0-0: Called Strike
0-1: Grounds into fielders choice 1-2 (Groundball, 34S, EV 77.5 MPH)
Kal Daniels to third
Frank Thomas to second
Batting: RHB Koji Akiyama 0-0: Ground out 6-3 (Groundball, 6MS, EV 85.0 MPH)
Bottom of the 6th over - 0 runs, 2 hits, 0 errors, 3 left on base; Milwaukee 6 - Minnesota 0
TOP OF THE 7TH
Milwaukee Creams batting - Pitching for Minnesota Twins : RHP Jerry Spradlin
Pitching: RHP Rob Dibble
Batting: LHB Tom Goodwin 0-0: Ball
1-0: Foul Ball, location: 2F
1-1: Fly out, F8 (Flyball, 8LS, EV 93.8 MPH)
Batting: RHB Mark Loretta 0-0: Ball
1-0: Fly out, F7 (Flyball, 7LM, EV 73.8 MPH)
Batting: SHB Chipper Jones 0-0: Foul Ball, location: 2F
0-1: Swinging Strike
0-2: SINGLE (Groundball, 6MD, EV 96.9 MPH)
Batting: SHB Ken Caminiti 0-0: DOUBLE (Line Drive, 7LM, EV 101.9 MPH)
Chipper Jones to third
Runner from 3rd tries for Home, SAFE, no throw by LF
Pinch Hitting: LHB Tyler Houston 0-0: Called Strike
0-1: Called Strike
0-2: Foul Ball, location: 2F
0-2: Strikes out swinging
Top of the 7th over - 1 run, 2 hits, 0 errors, 1 left on base; Milwaukee 7 - Minnesota 0
BOTTOM OF THE 7TH
Minnesota Twins batting - Pitching for Milwaukee Creams : RHP Mark Portugal
Now at 1B: Tyler Houston
Batting: RHB Brook Fordyce 0-0: Called Strike
0-1: Ground out 5-3 (Groundball, 56, EV 88.8 MPH)
Pinch Hitting: RHB John Wehner 0-0: Called Strike
0-1: Called Strike
0-2: Ground out 5-3 (Groundball, 56S, EV 78.8 MPH)
Pinch Hitting: RHB Kevin Seitzer 0-0: Ball
1-0: Ball
2-0: Called Strike
2-1: Foul Ball, location: 2F
2-2: TRIPLE (Line Drive, 9D, EV 109.4 MPH)
Batting: RHB Rey Ordonez 0-0: Reached on error, E5 (Groundball, 5, EV 88.8 MPH)
Kevin Seitzer scores
Batting: LHB Darin Erstad 0-0: Ball
1-0: Ball
2-0: Fielders Choice at 2nd, 6-4 (Groundball, 6, EV 81.9 MPH)
Bottom of the 7th over - 1 run, 1 hit, 1 error, 1 left on base; Milwaukee 7 - Minnesota 1
TOP OF THE 8TH
Milwaukee Creams batting - Pitching for Minnesota Twins : RHP Rob Dibble
Now at 2B: Kevin Seitzer
Now at 3B: John Wehner
Batting: LHB John Elway 0-0: Called Strike
0-1: Foul Ball, location: 2F
0-2: Ball
1-2: Strikes out looking
Batting: LHB Steve Finley 0-0: Ball
1-0: Ball
2-0: Foul Ball, location: 2F
2-1: Foul Ball, location: 2F
2-2: DOUBLE (Line Drive, 78M, EV 95.0 MPH)
Batting: RHB Brad Ausmus 0-0: Ball
1-0: Swinging Strike
1-1: Fly out, F8 (Flyball, 8RXD, EV 100.6 MPH)
Runner from 2nd tags up, SAFE at 3rd, no throw by CF
Batting: RHB Rey Sanchez 0-0: Ball
1-0: Ground out 5-3 (Groundball, 5, EV 83.8 MPH)
Top of the 8th over - 0 runs, 1 hit, 0 errors, 1 left on base; Milwaukee 7 - Minnesota 1
BOTTOM OF THE 8TH
Minnesota Twins batting - Pitching for Milwaukee Creams : RHP Mark Portugal
Batting: LHB Kal Daniels 0-0: Called Strike
0-1: Ball
1-1: Fly out, F7 (Flyball, 7S, EV 92.5 MPH)
Batting: RHB Frank Thomas 0-0: Ball
1-0: Ground out U3 (Groundball, 3S, EV 76.3 MPH)
Batting: LHB Larry Walker 0-0: Foul Ball, location: 2F
0-1: Called Strike
0-2: Ball
1-2: Fly out, F8 (Line Drive, 8LD, EV 101.9 MPH)
Bottom of the 8th over - 0 runs, 0 hits, 0 errors, 0 left on base; Milwaukee 7 - Minnesota 1
TOP OF THE 9TH
Milwaukee Creams batting - Pitching for Minnesota Twins : RHP Rob Dibble
Batting: LHB Tom Goodwin 0-0: Foul Ball, location: 2F
0-1: Ball
1-1: Swinging Strike
1-2: Ball
2-2: Ball
3-2: Base on Balls
Pitching: RHP Carlos Almanzar
Batting: RHB Mark Loretta 0-0: Called Strike
0-1: Ball
Tom Goodwin steals 2nd base (no throw)
1-1: Foul Ball, location: 2F
1-2: Foul Ball, location: 2F
1-2: Foul Ball, location: 2F
1-2: Strikes out looking
Batting: SHB Chipper Jones 0-0: Called Strike
0-1: Called Strike
0-2: Ball
1-2: Ball
2-2: Fly out, F7 (Flyball, 7S, EV 88.1 MPH)
Batting: SHB Ken Caminiti 0-0: Ball
1-0: Ball
2-0: Ball
3-0: Base on Balls
Batting: LHB Tyler Houston 0-0: Called Strike
0-1: Swinging Strike
0-2: Foul Ball, location: 2F
0-2: Ball
1-2: Ball
2-2: Strikes out swinging
Top of the 9th over - 0 runs, 0 hits, 0 errors, 2 left on base; Milwaukee 7 - Minnesota 1
BOTTOM OF THE 9TH
Minnesota Twins batting - Pitching for Milwaukee Creams : RHP Mark Portugal
Pitching: RHP Phil Leftwich
Batting: RHB Koji Akiyama 0-0: Swinging Strike
0-1: Ball
1-1: Ground out 4-3 (Groundball, 4, EV 97.5 MPH)
Batting: RHB Brook Fordyce 0-0: Ball
1-0: Ball
2-0: Foul Ball, location: 2F
2-1: Foul Ball, location: 2F
2-2: Ball
3-2: Foul Ball, location: 2F
3-2: Base on Balls
Batting: RHB John Wehner 0-0: Ball
1-0: Ball
2-0: Grounds into double play, 6-4-3 (Groundball, 6, EV 81.9 MPH)
Bottom of the 9th over - 0 runs, 0 hits, 0 errors, 0 left on base; Milwaukee 7 - Minnesota 1
Friday, March 6th, 2026 - OOTP Baseball 20.8 Build 74